 Dungeon Crawl Stone Soup version 0.16-a0-3171-gce70061 (webtiles) character file.

1996 Ololoev the Basher (level 9, -25/63 HPs)
             Began as a Mummy Chaos Knight on Dec 16, 2014.
             Was a Plaything of Xom.
             Annihilated by a sun demon (38 damage)
             ... summoned by Xom
             ... on level 7 of the Dungeon.
             The game lasted 00:19:48 (8191 turns).

Ololoev the Basher (Mummy Chaos Knight)             Turns: 8191, Time: 00:19:48

Health: -25/63     AC: 19    Str: 18      XL:     9   Next: 1%
Magic:  12/12      EV:  7    Int: 10 (11) God:    Xom [......]
Gold:   446        SH:  0    Dex: 11      Spells: 0 memorised, 8 levels left

rFire  x . .     SeeInvis .     q - +2 flail (protect)
rCold  + . .     Clarity  .     l - +0 chain mail
rNeg   + + +     SustAb   .     (no shield)
rPois  ∞         Gourm    .     c - +2 helmet
rElec  .         Spirit   .     h - +0 cloak
rCorr  .         Warding  .     (no gloves)
rMut   +         Stasis   .     (no boots)
MR     +....                    e - amulet of resist mutation
Stlth  ..........               (no ring)
                                o - +2 ring of slaying

@: somewhat resistant to hostile enchantments, extremely unstealthy
A: no food or potions, fire vulnerability, restore body, cold resistance 1,
negative energy resistance 3, poison resistance, torment resistance, unbreathing
a: Renounce Religion


You were on level 7 of the Dungeon.
You worshipped Xom.
You were a very special plaything of Xom.
You were not hungry.

You visited 1 branch of the dungeon, and saw 7 of its levels.

You collected 446 gold pieces.

Notes
Turn   | Place    | Note
--------------------------------------------------------------
     0 | D:1      | Ololoev, the Mummy Chaos Knight, began the quest for the Orb.
     0 | D:1      | Reached XP level 1. HP: 18/18 MP: 1/1
   313 | D:1      | Reached XP level 2. HP: 24/24 MP: 2/2
  1020 | D:1      | Reached XP level 3. HP: 29/29 MP: 3/3
  1047 | D:1      | XOM: harmless Tloc miscast
  1129 | D:1      | XOM: silly message
  1303 | D:2      | Noticed Ijyb
  1319 | D:2      | Killed Ijyb
  1319 | D:2      | Reached XP level 4. HP: 18/35 MP: 4/4
  2196 | D:3      | XOM: destruction
  2289 | D:3      | XOM: smoke on damage
  2290 | D:3      | XOM: polymorph orc wizard -> hound
  2293 | D:3      | Reached skill level 4 in Maces & Flails
  2293 | D:3      | Reached XP level 5. HP: 11/41 MP: 5/5
  2304 | D:3      | XOM: swap monsters
  2528 | D:3      | XOM: god gift: 21 stones
  2573 | D:3      | Found an iron altar of Okawaru.
  2573 | D:3      | XOM: vitrification
  2606 | D:3      | Found a glowing silver altar of Zin.
  2611 | D:3      | Found a bloodstained altar of Trog.
  2636 | D:3      | Found a stormy altar of Qazlal.
  2788 | D:4      | Reached XP level 6. HP: 21/47 MP: 6/6
  2894 | D:4      | XOM: 2-stop teleportation journey
  2939 | D:4      | Reached skill level 5 in Maces & Flails
  2958 | D:4      | Noticed an ogre
  2966 | D:4      | Killed an ogre
  3463 | D:4      | XOM: summons 3 hostile demons
  3579 | D:4      | XOM: 2-stop teleportation journey
  3713 | D:4      | XOM: colour smoke trail
  4021 | D:4      | Found a shattered altar of Ashenzari.
  4122 | D:4      | XOM: swap monsters
  4127 | D:4      | Reached XP level 7. HP: 48/52 MP: 7/7
  4191 | D:4      | XOM: medium Tloc miscast
  4394 | D:4      | XOM: mild Tloc miscast
  4431 | D:5      | Entered Level 5 of the Dungeon
  4431 | D:5      | Noticed Grinder
  4448 | D:4      | Killed Grinder
  4448 | D:4      | Reached skill level 6 in Maces & Flails
  4454 | D:5      | XOM: summons friendly ufetubus
  4654 | D:5      | XOM: 3-stop teleportation journey
  4833 | D:5      | XOM: harmless Divn miscast
  5075 | D:5      | XOM: enchant monster (bad)
  5375 | D:5      | XOM: summons friendly quasit
  5391 | D:5      | Reached XP level 8. HP: 51/58 MP: 8/8
  5504 | D:6      | Found an ancient bone altar of Kikubaaqudgha.
  5594 | D:6      | XOM: summons 7 friendly demons
  5604 | D:6      | Reached skill level 7 in Maces & Flails
  5674 | D:6      | Reached skill level 5 in Armour
  6429 | D:5      | XOM: 2-stop teleportation journey
  7380 | D:7      | XOM is BORED!
  7380 | D:7      | XOM: noise
  7456 | D:7      | Noticed Blork the orc
  7470 | D:7      | Paralysed by something for 6 turns
  7485 | D:7      | Killed Blork the orc
  7614 | D:7      | Noticed soonmide's ghost (experienced DDHe)
  7621 | D:7      | XOM: medium Fire miscast
  7626 | D:7      | XOM: confusion
  7634 | D:7      | XOM: enchant monster (good)
  7643 | D:7      | Killed soonmide's ghost
  7643 | D:7      | Reached skill level 8 in Maces & Flails
  7643 | D:7      | Reached skill level 1 in Evocations
  7818 | D:7      | XOM: stat loss: -1 Int (10/11)
  7882 | D:6      | Reached XP level 9. HP: 63/63 MP: 12/12
  8186 | D:7      | XOM: summons 4 hostile demons
  8187 | D:7      | Noticed a sun demon
  8191 | D:7      | Annihilated by a sun demon

Inventory:

Hand weapons
 q - a +2 flail of protection (weapon)
 v - a +0 morningstar
Missiles
 k - 3 javelins (quivered)
Armour
 c - a +2 helmet (worn)
 h - a +0 cloak (worn)
 l - a +0 chain mail (worn)
Jewellery
 e - an amulet of resist mutation (around neck)
 o - a +2 ring of slaying (left hand)
Magical devices
 a - a wand of lightning (2)
 g - a wand of paralysis (9)
Scrolls
 b - 3 scrolls of remove curse
 d - a scroll of magic mapping
 f - 2 scrolls of fear
 i - a scroll of recharging
 m - a scroll of fog
 n - a scroll of enchant armour {unknown}
 p - a scroll of enchant weapon
 r - 2 scrolls of teleportation
 s - a scroll of random uselessness {unknown}
 t - a scroll of immolation {unknown}
 u - a scroll of blinking {unknown}
 w - a scroll of holy word {unknown}

Table legend:
 A = Turns spent in this place as a percentage of turns spent in the entire game.
 B = Non-inter-level travel turns spent in this place as a percentage of non-inter-level travel turns spent in the entire game.
 C = Inter-level travel turns spent in this place as a percentage of turns spent in this place.
 D = Turns resting spent in this place as a percentage of non-inter-level travel turns spent in this place.
 E = Turns spent auto-exploring this place as a percentage of non-inter-level travel turns spent in this place.
 F = Non-inter-level travel turns spent in this place divided by the number of levels of this place that you've seen.
                   A       B       C       D       E      F
               +-------+-------+-------+-------+-------+----------------------
         Total | 100.0 | 100.0 |   0.6 |   3.7 |   9.7 | 380.6
       Dungeon | 100.0 | 100.0 |   0.6 |   3.7 |   9.7 | 380.6
               +-------+-------+-------+-------+-------+----------------------


   Skills:
 - Level 3.0 Fighting
 * Level 8.4 Maces & Flails
 - Level 5.4 Armour
 - Level 0.7 Dodging
 + Level 2.1 Evocations


You had 8 spell levels left.
You didn't know any spells.

Dungeon Overview and Level Annotations

Branches:
Dungeon (7/15)
 Temple: D:4-7

Altars:
Ashenzari
Kikubaaqudgha
Okawaru
Qazlal
Trog
Zin


Innate Abilities, Weirdness & Mutations

You do not eat or drink.
Your flesh is vulnerable to fire.
Your flesh is cold resistant.
You are immune to negative energy.
Your system is resistant to poisons.
You are immune to unholy pain and torment.
You can survive without breathing.


Message History

The hound barks!
The hound bites you but does no damage. x2
There is a stone staircase leading up here.
You sock the hound!
You kill the hound!
No target in view!
No target in view!
You see here a hound corpse. "Time to have some fun!"
You hit the sun demon but do no damage.
The sun demon hits you but does no damage.
The shadow imp gestures at you.
You are unaffected.
You closely miss the sun demon.
The sun demon hits you but does no damage.
The shadow imp gestures at you. You resist with significant effort.
The crimson imp picks up a beetle and eats it.
Press: ? - help, v - describe, . - travel
Here: a shadow imp (summoned)
The floor.
You hit the shadow imp.
The shadow imp is moderately wounded.
The sun demon hits you but does no damage.
The shadow imp hits you but does no damage.
You closely miss the shadow imp.
The shadow imp is moderately wounded.
The sun demon completely misses you.
The crimson imp blinks!
The shadow imp hits you but does no damage.
You closely miss the shadow imp.
The shadow imp is lightly wounded.
The sun demon hits you!
You are engulfed in flames!!
The fire burns you terribly!
Xom thinks this is hilarious!
The sun demon hits you.
You are engulfed in flames!!!
The fire burns you terribly!
Xom thinks this is hilarious!
Ouch! That really hurt!
You die...
Xom bursts into laughter!

#.#.#.#
#.#.#.#
#.#.#.#
#.#.#.#
#.#.#.#
#.#.#.#
#5#...#
#5#####5#
#@3§....#
#########


You could see a sun demon, a crimson imp and 2 shadow imps.

Table legend:
 A = Kills in this place as a percentage of kills in entire the game.
 B = Kills by you in this place as a percentage of kills by you in the entire game.
 C = Kills by friends in this place as a percentage of kills by friends in the entire game.
 D = Other kills in this place as a percentage of other kills in the entire game.
 E = Experience gained in this place as a percentage of experience gained in the entire game.
 F = Experience gained in this place divided by the number of levels of this place that you have seen.
                   A       B       C       D       E      F
               +-------+-------+-------+-------+-------+----------------------
         Total | 100.0 | 100.0 | 100.0 | 100.0 | 100.0 | 407.4
       Dungeon | 100.0 | 100.0 | 100.0 | 100.0 | 100.0 | 407.4
               +-------+-------+-------+-------+-------+----------------------

Vanquished Creatures
  The ghost of soonmide the Practitioner, an experienced DDHe of Elyvilon (D:7)
  Grinder (D:4)
  A phantom (D:7)
  2 ogres
  A centaur (D:6)
  Blork the orc (D:7)
  3 scorpions
  A wight (D:5)
  A jelly (D:5)
  A gnoll shaman (D:5)
  A goliath beetle (D:6)
  3 iguanas
  An orc priest (D:5)
  3 hounds
  3 worker ants
  5 orc wizards
  Ijyb (D:2)
  12 gnolls
  11 adders
  A shadow imp (D:5)
  A worm (D:4)
  A giant gecko (D:5)
  3 oozes
  15 orcs
  3 ball pythons (D:5)
  12 bats
  2 giant cockroaches
  11 hobgoblins
  4 jackals
  17 kobolds
  4 quokkas
  7 giant newts
  13 goblins
  11 rats
158 creatures vanquished.

Vanquished Creatures (collateral kills)
  A giant frog zombie (D:5)
  A worker ant zombie (D:6)
  2 orcs (D:5)
4 creatures vanquished.

Vanquished Creatures (others)
  An orc wizard (D:6)
  A shadow imp (D:6)
  A hobgoblin (D:3)
  A quokka (D:7)
  A plant (D:5)
5 creatures vanquished.

Grand Total: 167 creatures vanquished

Action                   |  1- 3 |  4- 6 |  7- 9 || total
-------------------------+-------+-------+-------++-------
Melee: Mace              |   159 |   232 |    55 ||   446
       Flail             |       |       |   231 ||   231
Throw: Javelin           |       |     2 |    11 ||    13
Evoke: Wand              |       |       |     1 ||     1
  Use: Scroll            |       |       |    10 ||    10
 Stab: Distracted        |     1 |       |       ||     1
       Confused          |     2 |       |     1 ||     3
       Paralysed         |       |     5 |     1 ||     6
       Sleeping          |       |     1 |       ||     1

Vault maps used:
D:1:      minmay_arrival_split_and_join, hangedman_decor_peaks_small,
          minmay_fountain_box, hangedman_decor_push
D:2:      uniq_iyjb
D:3:      lemuel_upstairs_altar, lemuel_round_altar, okawaru_altar_gauntlet_db,
          gammafunk_temple_overflow_pools, first_bread
D:4:      lemuel_crystal_altar
D:5:      saegor_snake_ambush, uniq_grinder
D:6:      basic_altar, minivault_25
D:7:      kennysheep_orc_sif_temple, bloody_makhleb,
          minmay_temple_entry_nine_rooms, the_bakery, grunt_qazlal_clouds,
          uniq_joseph, uniq_blork_the_orc
